Wild vs Senators

Created - March 23, 2015 at 17:30

Goals
1 2 3 OT1 SO T
Wild 0 2 2 0 1 5
Senators 3 0 1 0 0 4
Shots
1 2 3 OT1 SO T
Wild 4 5 8 1 3 18
Senators 17 18 3 0 3 38

1st period

1. Senators , Gustav Nyquist 32 (Sidney Crosby, Martin St. Louis) at 9:17 (PP)
2. Senators , Martin St. Louis 45 (Sidney Crosby) at 17:39 (PP)
3. Senators , Sidney Crosby 47 (Marc Staal) at 17:50

Penalties :
Adam Hall (MIN) for Hooking (Minor) at 1:40, Ron Hainsey (OTT) for Interference (Minor) at 4:01, Marian Gaborik (MIN) for Cross-checking (Minor) at 4:01, Chris Phillips (MIN) for High sticking (Minor) at 8:20, Sidney Crosby (OTT) for Tripping (Minor) at 12:47, Mikko Koivu (MIN) for High sticking (Minor) at 12:49, Chris Phillips (MIN) for Tripping (Minor) at 16:34, Pierre-Marc Bouchard (MIN) for High sticking (Minor) at 19:20

2nd period

4. Wild , Jesse Winchester 1 (Fedor Tyutin, Mark Streit) at 1:06 (SH)
5. Wild , Erik Cole 10 (Fedor Tyutin, Chris Phillips) at 18:52

Penalties :
Jan Hejda (OTT) for Hooking (Minor) at 1:35, Lubomir Visnovsky (OTT) for Roughing (Minor) at 5:34, Milan Michalek (MIN) for Interference (Minor) at 5:34

3rd period

6. Wild , Adam McQuaid 1 (Milan Michalek, Marian Gaborik) at 7:14
7. Senators , Martin St. Louis 46 (Gustav Nyquist, Sidney Crosby) at 8:22
8. Wild , Fedor Tyutin 6 (Michael Ryder, Milan Michalek) at 19:58 (PP)

Penalties :
Sidney Crosby (OTT) for Tripping (Minor) at 18:40, Marc Staal (OTT) for Roughing (Minor) at 19:20

Overtime #1

No Goal

Penalties :
No Penalty

Shootout

Penalty Shot by Daniel Alfredsson for Wild - Stopped by Carey Price
Penalty Shot by Frans Nielsen for Senators - Stopped by Josh Harding
Penalty Shot by Marian Gaborik for Wild - Goal!
Penalty Shot by Sidney Crosby for Senators - Stopped by Josh Harding
Penalty Shot by Milan Michalek for Wild - Stopped by Carey Price
Penalty Shot by Pavel Datsyuk for Senators - Stopped by Josh Harding

Penalties :
No Penalty

Goalie Stats

Josh Harding (MIN), 34 saves from 38 shots - (0.895), W, 22-35-3, 64:03 minutes
Carey Price (OTT), 14 saves from 18 shots - (0.778), OTL, 46-9-4, 65:00 minutes

Players Stats for Wild

Player Name              G  A  P  +/- PIM S  H  SB GA TA FO     MP     PP MP  PK MP  
------------------------------------------------------------------------------------
Adam Hall                0  0  0   0  2   0  1  0  0  0  8/20   20:04   1:52   1:50 
Adam McQuaid             1  0  1   1  0   1  3  4  0  0  0/0    18:50   0:00   1:37 
Chris Conner             0  0  0   1  0   0  2  1  0  0  1/2    15:22   0:00   2:42 
Chris Phillips           0  1  1   1  4   1  2  2  0  0  0/0    15:31   0:00   2:07 
Daniel Alfredsson        0  0  0  -1  0   1  1  0  0  0  3/4    24:28   1:28   0:00 
Dennis Wideman           0  0  0   1  0   0  1  3  0  0  0/0    23:13   1:23   0:00 
Erik Cole                1  0  1   2  0   1  1  0  0  0  1/2    14:15   0:00   2:19 
Fedor Tyutin             1  2  3   2  0   4  1  1  0  0  0/0    20:49   1:23   2:18 
Jesse Winchester         1  0  1   1  0   1  0  0  0  0  3/10    3:10   0:00   3:10 
Marian Gaborik           0  1  1   0  2   2  1  0  0  0  0/0    21:38   1:28   0:00 
Mark Streit              0  1  1  -1  0   1  1  2  0  0  0/0    24:37   1:57   2:18 
Michael Ryder            0  1  1  -1  0   0  3  0  0  0  1/3    22:08   1:52   2:03 
Michael Stone            0  0  0  -2  0   1  7  2  0  0  0/0    23:14   1:57   0:00 
Mikko Koivu              0  0  0  -1  2   1  2  1  0  0  13/27  22:10   1:27   0:00 
Milan Michalek           0  2  2   0  2   3  1  1  0  0  2/3    17:41   1:52   0:00 
Pierre-Marc Bouchard     0  0  0   1  2   1  0  0  0  0  9/16   17:02   0:00   0:00 
Rob Scuderi              0  0  0   0  0   0  0  0  0  0  0/0     3:44   0:00   3:44 
Rostislav Klesla         0  0  0   0  0   0  0  0  0  0  0/0     0:00   0:00   0:00 

Players Stats for Senators

Player Name              G  A  P  +/- PIM S  H  SB GA TA FO     MP     PP MP  PK MP  
------------------------------------------------------------------------------------
Dave Bolland             0  0  0   0  0   2  2  0  0  0  8/13   13:11   0:00   0:00 
Duncan Keith             0  0  0  -1  0   1  2  2  0  0  0/0    27:08   2:51   1:28 
Erik Gustafsson          0  0  0   0  0   1  0  0  0  0  0/0     6:25   3:11   0:06 
Frans Nielsen            0  0  0  -1  0   3  0  0  0  0  14/27  21:02   3:24   0:00 
Gustav Nyquist           1  1  2   0  0   5  0  0  0  0  3/3    20:46   2:38   0:00 
Jan Hejda                0  0  0   0  2   0  1  1  0  0  0/0    16:29   0:00   1:24 
Jared Cowen              0  0  0  -1  0   0  5  2  0  0  0/0    22:40   2:51   2:25 
Lubomir Visnovsky        0  0  0   0  2   2  0  0  0  0  0/0    20:18   0:00   0:00 
Marc Staal               0  1  1   0  2   3  1  1  0  0  0/0    24:00   3:11   1:26 
Mark Stone               0  0  0   0  0   0  0  0  0  0  0/0     3:21   0:00   0:00 
Martin St. Louis         2  1  3   0  0   3  0  0  0  0  0/0    26:07   2:38   0:00 
Mason Raymond            0  0  0   0  0   2  0  0  0  0  0/1    14:53   0:00   1:42 
Mika Zibanejad           0  0  0   0  0   0  3  0  0  0  4/7    11:59   0:00   2:09 
Patrick Sharp            0  0  0  -1  0   4  2  0  0  0  0/0    21:02   3:24   0:00 
Pavel Datsyuk            0  0  0  -1  0   2  1  0  0  0  2/4    20:15   3:24   2:31 
Ron Hainsey              0  0  0   0  2   1  0  4  0  0  0/0    12:56   0:00   2:30 
Sidney Crosby            1  3  4   0  4   9  1  0  0  0  15/32  25:09   2:38   0:00 
Travis Moen              0  0  0   0  0   0  0  0  0  0  0/0     1:00   0:00   1:00 

3 Stars

1 - Fedor Tyutin (MIN)
2 - Martin St. Louis (OTT)
3 - Sidney Crosby (OTT)

Power Play

Wild - 1 on 4 Attempt(s) - 25.00%
Senators - 2 on 5 Attempt(s) - 40.00%

Penalty Kill

Wild - 3 on 5 Attempt(s) - 60.00% - Score 1 goal in Penalty Kill
Senators - 3 on 4 Attempt(s) - 75.00% - Score 0 goal in Penalty Kill

Team Stat

Wild - Hits : 27 - Faceoff Wins : 41 - Blocked Shots : 17 - Penalty Minutes : 14
Senators - Hits : 18 - Faceoff Wins : 46 - Blocked Shots : 10 - Penalty Minutes : 12

Official

Referees : Steve Kozari and Kyle Rehman
Linesman : Mark Wheler and Andy McElman

Game Notes

No Game Note

Finance

Level 1 -- Attendance: 5613 (86.35%) -- Ticket Income $561,300
Level 2 -- Attendance: 4703 (94.06%) -- Ticket Income $282,180
Level 3 -- Attendance: 3500 (100.00%) -- Ticket Income $122,500
Level 4 -- Attendance: 3005 (95.31%) -- Ticket Income $90,150
Luxury Box -- Attendance: 707 (70.70%) -- Ticket Income $176,750
Game was played at the Canadian Tire Centre'
Total Attendance: 17528 (91.52%)
Total Ticket Income: $1,232,880
Other Income: $184,932
Total Income: $1,417,812

% Time on Ice - Wild

Lines # - Real PCT - Wanted PCT - Time Play
Normal Forward
1 - 36% - 45% - 16:04
2 - 35% - 44% - 15:50
3 - 27% - 7% - 11:56
4 - 2% - 4% - 0:53
Normal Defense
1 - 37% - 45% - 16:21
2 - 35% - 44% - 15:48
3 - 28% - 7% - 12:34
4 - 0% - 4% - 0:00
PP Forward
1 - 44% - 50% - 1:28
2 - 56% - 50% - 1:52
PP Defense
1 - 59% - 50% - 1:57
2 - 42% - 50% - 1:23
PK Forward
1 - 48% - 50% - 2:52
2 - 52% - 50% - 3:10
PK Defense
1 - 62% - 50% - 3:44
2 - 38% - 50% - 2:18
PK3 Forward
1 - 0% - 50%
2 - 0% - 50%
PK3 Defense
1 - 0% - 50%
2 - 0% - 50%
44 Forward
1 - 48% - 50% - 5:15
2 - 52% - 50% - 5:40
44 Defense
1 - 50% - 50% - 5:26
2 - 50% - 50% - 5:29
Last Minute Offensive  - 0:00
Last Minute Defensive  - 0:00
Total
Forward - 65:00
Defense - 65:00

% Time on Ice - Senators

Lines # - Real PCT - Wanted PCT - Time Play
Normal Forward
1 - 38% - 40% - 17:12
2 - 32% - 30% - 14:20
3 - 22% - 20% - 9:50
4 - 7% - 10% - 3:21
Normal Defense
1 - 39% - 38% - 17:31
2 - 34% - 32% - 15:06
3 - 20% - 20% - 8:58
4 - 7% - 10% - 3:08
PP Forward
1 - 44% - 50% - 2:38
2 - 56% - 50% - 3:24
PP Defense
1 - 47% - 50% - 2:51
2 - 53% - 50% - 3:11
PK Forward
1 - 37% - 50% - 1:00
2 - 63% - 50% - 1:42
PK Defense
1 - 46% - 50% - 1:14
2 - 54% - 50% - 1:28
PK3 Forward
1 - 58% - 50% - 1:09
2 - 42% - 50% - 0:49
PK3 Defense
1 - 36% - 50% - 0:43
2 - 64% - 50% - 1:15
44 Forward
1 - 34% - 52% - 3:18
2 - 66% - 48% - 6:17
44 Defense
1 - 45% - 52% - 4:17
2 - 55% - 48% - 5:18
Last Minute Offensive  - 0:00
Last Minute Defensive  - 0:00
Total
Forward - 65:00
Defense - 65:00

Play by Play

1st period


0:01 of 1st period - Mikko Koivu wins face-off versus Sidney Crosby in neutral zone.
0:31 of 1st period - Gustav Nyquist is hit by Adam McQuaid and loses puck.
0:40 of 1st period - Duncan Keith is hit by Michael Ryder and loses puck.
1:00 of 1st period - Icing by Marian Gaborik.
1:01 of 1st period - Milan Michalek wins face-off versus Frans Nielsen in Wild zone.
1:40 of 1st period - Minor Penalty to Adam Hall for Hooking.
1:41 of 1st period - Sidney Crosby wins face-off versus Jesse Winchester in Wild zone.
2:33 of 1st period - Icing by Marc Staal.
2:34 of 1st period - Michael Ryder wins face-off versus Frans Nielsen in Senators zone.
2:40 of 1st period - Icing by Frans Nielsen.
2:41 of 1st period - Frans Nielsen wins face-off versus Jesse Winchester in Senators zone.
2:47 of 1st period - Marc Staal is hit by Mark Streit and loses puck.
3:12 of 1st period - Shot by Patrick Sharp.
3:12 of 1st period - Stopped by Josh Harding with a rebound.
3:30 of 1st period - Rob Scuderi is hit by Pavel Datsyuk.
3:40 of 1st period - Fedor Tyutin is hit by Dave Bolland and loses puck.
4:01 of 1st period - Minor Penalty to Ron Hainsey for Interference.
4:01 of 1st period - Minor Penalty to Marian Gaborik for Cross-checking.
4:02 of 1st period - Pierre-Marc Bouchard wins face-off versus Sidney Crosby in Senators zone.
4:24 of 1st period - Shot by Daniel Alfredsson.
4:24 of 1st period - Stopped by Carey Price without a rebound.
4:25 of 1st period - Frans Nielsen wins face-off versus Mikko Koivu in Senators zone.
4:30 of 1st period - Mikko Koivu is hit by Patrick Sharp and loses puck.
4:45 of 1st period - Shot by Patrick Sharp.
4:45 of 1st period - Shot Misses the Net.
5:16 of 1st period - Pierre-Marc Bouchard is hit by Patrick Sharp and loses puck.
5:38 of 1st period - Duncan Keith is hit by Dennis Wideman and loses puck.
5:45 of 1st period - Shot by Sidney Crosby.
5:45 of 1st period - Shot Blocked by Dennis Wideman.
6:04 of 1st period - Mika Zibanejad is hit by Chris Phillips and loses puck.
6:53 of 1st period - Shot by Lubomir Visnovsky.
6:53 of 1st period - Stopped by Josh Harding without a rebound.
6:54 of 1st period - Sidney Crosby wins face-off versus Mikko Koivu in Wild zone.
8:17 of 1st period - Shot by Lubomir Visnovsky.
8:17 of 1st period - Stopped by Josh Harding without a rebound.
8:18 of 1st period - Dave Bolland wins face-off versus Adam Hall in Wild zone.
8:20 of 1st period - Minor Penalty to Chris Phillips for High sticking.
8:21 of 1st period - Jesse Winchester wins face-off versus Frans Nielsen in Wild zone.
8:57 of 1st period - Shot by Duncan Keith.
8:57 of 1st period - Shot Misses the Net.
8:59 of 1st period - Shot by Pavel Datsyuk.
8:59 of 1st period - Stopped by Josh Harding with a rebound.
9:17 of 1st period - Shot by Gustav Nyquist.
9:17 of 1st period - Goal by Gustav Nyquist - Wild : 0 - Senators : 1.
9:18 of 1st period - Dave Bolland wins face-off versus Michael Ryder in neutral zone.
9:21 of 1st period - Shot by Mason Raymond.
9:21 of 1st period - Shot Misses the Net.
9:52 of 1st period - Off-side.
9:53 of 1st period - Sidney Crosby wins face-off versus Adam Hall in neutral zone.
11:12 of 1st period - Shot by Patrick Sharp.
11:12 of 1st period - Stopped by Josh Harding with a rebound.
11:20 of 1st period - Ron Hainsey is hit by Daniel Alfredsson and loses puck.
11:33 of 1st period - Shot by Pierre-Marc Bouchard.
11:33 of 1st period - Shot Hit the Post.
11:35 of 1st period - Shot by Chris Phillips.
11:35 of 1st period - Stopped by Carey Price without a rebound.
11:36 of 1st period - Pierre-Marc Bouchard wins face-off versus Dave Bolland in Senators zone.
11:44 of 1st period - Icing by Duncan Keith.
11:45 of 1st period - Adam Hall wins face-off versus Dave Bolland in Senators zone.
11:46 of 1st period - Shot by Marian Gaborik.
11:46 of 1st period - Stopped by Carey Price without a rebound.
11:47 of 1st period - Frans Nielsen wins face-off versus Adam Hall in Senators zone.
12:04 of 1st period - Shot by Marian Gaborik.
12:04 of 1st period - Shot Misses the Net.
12:14 of 1st period - Icing by Marian Gaborik.
12:15 of 1st period - Adam Hall wins face-off versus Dave Bolland in Wild zone.
12:15 of 1st period - Adam Hall is hit by Mika Zibanejad.
12:26 of 1st period - Milan Michalek is hit by Jared Cowen and loses puck.
12:42 of 1st period - Shot by Mika Zibanejad.
12:42 of 1st period - Shot Blocked by Milan Michalek.
12:44 of 1st period - Shot by Jared Cowen.
12:44 of 1st period - Shot Blocked by Adam McQuaid.
12:46 of 1st period - Shot by Erik Gustafsson.
12:46 of 1st period - Stopped by Josh Harding without a rebound.
12:47 of 1st period - Mikko Koivu wins face-off versus Sidney Crosby in Wild zone.
12:47 of 1st period - Minor Penalty to Sidney Crosby for Tripping.
12:48 of 1st period - Pavel Datsyuk wins face-off versus Mikko Koivu in Senators zone.
12:48 of 1st period - Jan Hejda is hit by Mikko Koivu.
12:49 of 1st period - Minor Penalty to Mikko Koivu for High sticking.
12:50 of 1st period - Frans Nielsen wins face-off versus Pierre-Marc Bouchard in Wild zone.
13:27 of 1st period - Shot by Patrick Sharp.
13:27 of 1st period - Shot Misses the Net.
13:29 of 1st period - Shot by Patrick Sharp.
13:29 of 1st period - Shot Blocked by Mark Streit.
13:31 of 1st period - Shot by Marc Staal.
13:31 of 1st period - Stopped by Josh Harding without a rebound.
13:32 of 1st period - Gustav Nyquist wins face-off versus Michael Ryder in Wild zone.
13:35 of 1st period - Shot by Duncan Keith.
13:35 of 1st period - Stopped by Josh Harding without a rebound.
13:36 of 1st period - Gustav Nyquist wins face-off versus Daniel Alfredsson in Wild zone.
13:41 of 1st period - Shot by Gustav Nyquist.
13:41 of 1st period - Shot Misses the Net.
14:15 of 1st period - Shot by Gustav Nyquist.
14:15 of 1st period - Shot Misses the Net.
15:08 of 1st period - Shot by Dave Bolland.
15:08 of 1st period - Stopped by Josh Harding with a rebound.
15:16 of 1st period - Shot by Dave Bolland.
15:16 of 1st period - Shot Misses the Net.
16:12 of 1st period - Frans Nielsen is hit by Chris Conner and loses puck.
16:29 of 1st period - Shot by Gustav Nyquist.
16:29 of 1st period - Shot Misses the Net.
16:34 of 1st period - Minor Penalty to Chris Phillips for Tripping.
16:35 of 1st period - Sidney Crosby wins face-off versus Jesse Winchester in Wild zone.
16:50 of 1st period - Shot by Sidney Crosby.
16:50 of 1st period - Stopped by Josh Harding without a rebound.
16:51 of 1st period - Jesse Winchester wins face-off versus Sidney Crosby in Wild zone.
17:15 of 1st period - Shot by Martin St. Louis.
17:15 of 1st period - Stopped by Josh Harding without a rebound.
17:16 of 1st period - Frans Nielsen wins face-off versus Jesse Winchester in Wild zone.
17:23 of 1st period - Shot by Marc Staal.
17:23 of 1st period - Shot Misses the Net.
17:25 of 1st period - Shot by Marc Staal.
17:25 of 1st period - Stopped by Josh Harding without a rebound.
17:26 of 1st period - Frans Nielsen wins face-off versus Jesse Winchester in Wild zone.
17:29 of 1st period - Shot by Pavel Datsyuk.
17:29 of 1st period - Deflect By Patrick Sharp.
17:29 of 1st period - Shot Blocked by Adam McQuaid.
17:31 of 1st period - Shot by Frans Nielsen.
17:31 of 1st period - Shot Misses the Net.
17:33 of 1st period - Shot by Frans Nielsen.
17:33 of 1st period - Shot Misses the Net.
17:35 of 1st period - Shot by Frans Nielsen.
17:35 of 1st period - Stopped by Josh Harding without a rebound.
17:36 of 1st period - Sidney Crosby wins face-off versus Erik Cole in Wild zone.
17:39 of 1st period - Shot by Martin St. Louis.
17:39 of 1st period - Goal by Martin St. Louis - Wild : 0 - Senators : 2.
17:40 of 1st period - Sidney Crosby wins face-off versus Adam Hall in neutral zone.
17:42 of 1st period - Martin St. Louis is hit by Michael Stone.
17:50 of 1st period - Shot by Sidney Crosby.
17:50 of 1st period - Goal by Sidney Crosby - Wild : 0 - Senators : 3.
17:51 of 1st period - Sidney Crosby wins face-off versus Mikko Koivu in neutral zone.
18:35 of 1st period - Shot by Michael Ryder.
18:35 of 1st period - Shot Hit the Post.
19:04 of 1st period - Icing by Adam McQuaid.
19:05 of 1st period - Dave Bolland wins face-off versus Adam Hall in Wild zone.
19:18 of 1st period - Shot by Marian Gaborik.
19:18 of 1st period - Stopped by Carey Price without a rebound.
19:19 of 1st period - Frans Nielsen wins face-off versus Pierre-Marc Bouchard in Senators zone.
19:19 of 1st period - Frans Nielsen is hit by Erik Cole.
19:20 of 1st period - Minor Penalty to Pierre-Marc Bouchard for High sticking.
19:21 of 1st period - Jesse Winchester wins face-off versus Frans Nielsen in Wild zone.
19:40 of 1st period - Shot by Frans Nielsen.
19:40 of 1st period - Shot Blocked by Chris Conner.
19:42 of 1st period - Shot by Erik Gustafsson.
19:42 of 1st period - Shot Misses the Net.
19:44 of 1st period - Shot by Marc Staal.
19:44 of 1st period - Shot Misses the Net.
19:46 of 1st period - Shot by Frans Nielsen.
19:46 of 1st period - Stopped by Josh Harding with a rebound.
19:48 of 1st period - Shot by Frans Nielsen.
19:48 of 1st period - Shot Blocked by Chris Phillips.
19:50 of 1st period - Shot by Patrick Sharp.
19:50 of 1st period - Shot Misses the Net.
Goals for this period are 0 for Wild vs 3 for Senators.
Shots for this period are 4 for Wild vs 17 for Senators.

2nd period


0:01 of 2nd period - Sidney Crosby wins face-off versus Jesse Winchester in neutral zone.
0:08 of 2nd period - Shot by Gustav Nyquist.
0:08 of 2nd period - Stopped by Josh Harding with a rebound.
0:12 of 2nd period - Shot by Sidney Crosby.
0:12 of 2nd period - Stopped by Josh Harding with a rebound.
0:14 of 2nd period - Shot by Jared Cowen.
0:14 of 2nd period - Shot Misses the Net.
0:16 of 2nd period - Shot by Gustav Nyquist.
0:16 of 2nd period - Stopped by Josh Harding without a rebound.
0:17 of 2nd period - Frans Nielsen wins face-off versus Adam Hall in Wild zone.
0:28 of 2nd period - Shot by Marc Staal.
0:28 of 2nd period - Stopped by Josh Harding without a rebound.
0:29 of 2nd period - Gustav Nyquist wins face-off versus Jesse Winchester in Wild zone.
0:48 of 2nd period - Shot by Martin St. Louis.
0:48 of 2nd period - Shot Misses the Net.
1:06 of 2nd period - Shot by Jesse Winchester.
1:06 of 2nd period - Goal by Jesse Winchester - Wild : 1 - Senators : 3.
1:07 of 2nd period - Frans Nielsen wins face-off versus Chris Conner in neutral zone.
1:19 of 2nd period - Shot by Patrick Sharp.
1:19 of 2nd period - Stopped by Josh Harding with a rebound.
1:24 of 2nd period - Mikko Koivu is hit by Marc Staal.
1:35 of 2nd period - Minor Penalty to Jan Hejda for Hooking.
1:36 of 2nd period - Milan Michalek wins face-off versus Pavel Datsyuk in Senators zone.
1:39 of 2nd period - Shot by Milan Michalek.
1:39 of 2nd period - Shot Blocked by Jared Cowen.
1:41 of 2nd period - Shot by Mark Streit.
1:41 of 2nd period - Stopped by Carey Price without a rebound.
1:42 of 2nd period - Mika Zibanejad wins face-off versus Mikko Koivu in Senators zone.
1:52 of 2nd period - Off-side.
1:53 of 2nd period - Mika Zibanejad wins face-off versus Adam Hall in neutral zone.
2:13 of 2nd period - Shot by Adam Hall.
2:13 of 2nd period - Shot Misses the Net.
2:15 of 2nd period - Shot by Mark Streit.
2:15 of 2nd period - Deflect By Michael Ryder.
2:15 of 2nd period - Shot Blocked by Marc Staal.
3:40 of 2nd period - Shot by Sidney Crosby.
3:40 of 2nd period - Stopped by Josh Harding with a rebound.
4:07 of 2nd period - Shot by Sidney Crosby.
4:07 of 2nd period - Stopped by Josh Harding without a rebound.
4:08 of 2nd period - Mikko Koivu wins face-off versus Frans Nielsen in Wild zone.
4:22 of 2nd period - Icing by Chris Phillips.
4:23 of 2nd period - Dave Bolland wins face-off versus Mikko Koivu in Wild zone.
4:32 of 2nd period - Shot by Mason Raymond.
4:32 of 2nd period - Shot Blocked by Fedor Tyutin.
5:18 of 2nd period - Shot by Sidney Crosby.
5:18 of 2nd period - Stopped by Josh Harding without a rebound.
5:19 of 2nd period - Sidney Crosby wins face-off versus Adam Hall in Wild zone.
5:19 of 2nd period - Lubomir Visnovsky is hit by Adam McQuaid.
5:29 of 2nd period - Shot by Milan Michalek.
5:29 of 2nd period - Shot Blocked by Duncan Keith.
5:34 of 2nd period - Minor Penalty to Lubomir Visnovsky for Roughing.
5:34 of 2nd period - Minor Penalty to Milan Michalek for Interference.
5:35 of 2nd period - Daniel Alfredsson wins face-off versus Frans Nielsen in Senators zone.
5:54 of 2nd period - Shot by Patrick Sharp.
5:54 of 2nd period - Stopped by Josh Harding without a rebound.
5:55 of 2nd period - Mikko Koivu wins face-off versus Sidney Crosby in Wild zone.
6:12 of 2nd period - Shot by Sidney Crosby.
6:12 of 2nd period - Shot Misses the Net.
6:34 of 2nd period - Shot by Sidney Crosby.
6:34 of 2nd period - Deflect By Martin St. Louis.
6:34 of 2nd period - Shot Misses the Net.
7:04 of 2nd period - Sidney Crosby is hit by Michael Stone and loses puck.
7:43 of 2nd period - Shot by Milan Michalek.
7:43 of 2nd period - Shot Misses the Net.
7:45 of 2nd period - Shot by Fedor Tyutin.
7:45 of 2nd period - Stopped by Carey Price without a rebound.
7:46 of 2nd period - Adam Hall wins face-off versus Frans Nielsen in Senators zone.
7:53 of 2nd period - Shot by Milan Michalek.
7:53 of 2nd period - Stopped by Carey Price without a rebound.
7:54 of 2nd period - Frans Nielsen wins face-off versus Mikko Koivu in Senators zone.
8:15 of 2nd period - Shot by Patrick Sharp.
8:15 of 2nd period - Shot Misses the Net.
8:17 of 2nd period - Shot by Patrick Sharp.
8:17 of 2nd period - Shot Misses the Net.
9:11 of 2nd period - Icing by Dennis Wideman.
9:12 of 2nd period - Adam Hall wins face-off versus Sidney Crosby in Wild zone.
9:57 of 2nd period - Off-side.
9:58 of 2nd period - Pierre-Marc Bouchard wins face-off versus Frans Nielsen in neutral zone.
10:51 of 2nd period - Icing by Fedor Tyutin.
10:52 of 2nd period - Pierre-Marc Bouchard wins face-off versus Sidney Crosby in Wild zone.
10:54 of 2nd period - Icing by Erik Cole.
10:55 of 2nd period - Erik Cole wins face-off versus Sidney Crosby in Wild zone.
11:04 of 2nd period - Erik Cole is hit by Jared Cowen and loses puck.
11:22 of 2nd period - Martin St. Louis is hit by Michael Stone and loses puck.
11:25 of 2nd period - Shot by Gustav Nyquist.
11:25 of 2nd period - Stopped by Josh Harding without a rebound.
11:26 of 2nd period - Dave Bolland wins face-off versus Mikko Koivu in Wild zone.
12:01 of 2nd period - Shot by Mason Raymond.
12:01 of 2nd period - Deflect By Dave Bolland.
12:01 of 2nd period - Shot Blocked by Mikko Koivu.
12:03 of 2nd period - Shot by Dave Bolland.
12:03 of 2nd period - Shot Blocked by Adam McQuaid.
12:16 of 2nd period - Icing by Dennis Wideman.
12:17 of 2nd period - Sidney Crosby wins face-off versus Mikko Koivu in Wild zone.
12:22 of 2nd period - Shot by Martin St. Louis.
12:22 of 2nd period - Shot Misses the Net.
12:24 of 2nd period - Shot by Sidney Crosby.
12:24 of 2nd period - Stopped by Josh Harding without a rebound.
12:25 of 2nd period - Sidney Crosby wins face-off versus Adam Hall in Wild zone.
12:32 of 2nd period - Shot by Sidney Crosby.
12:32 of 2nd period - Stopped by Josh Harding without a rebound.
12:33 of 2nd period - Sidney Crosby wins face-off versus Adam Hall in Wild zone.
12:47 of 2nd period - Gustav Nyquist is hit by Michael Stone and loses puck.
12:53 of 2nd period - Sidney Crosby is hit by Michael Stone and loses puck.
13:00 of 2nd period - Shot by Sidney Crosby.
13:00 of 2nd period - Stopped by Josh Harding without a rebound.
13:01 of 2nd period - Mikko Koivu wins face-off versus Frans Nielsen in Wild zone.
13:01 of 2nd period - Mikko Koivu is hit by Jared Cowen.
13:20 of 2nd period - Shot by Patrick Sharp.
13:20 of 2nd period - Shot Blocked by Dennis Wideman.
13:29 of 2nd period - Icing by Dennis Wideman.
13:30 of 2nd period - Mikko Koivu wins face-off versus Sidney Crosby in Wild zone.
13:36 of 2nd period - Mikko Koivu is hit by Duncan Keith and loses puck.
14:12 of 2nd period - Marian Gaborik is hit by Duncan Keith and loses puck.
14:34 of 2nd period - Icing by Marian Gaborik.
14:35 of 2nd period - Frans Nielsen wins face-off versus Adam Hall in Wild zone.
14:35 of 2nd period - Frans Nielsen is hit by Michael Stone.
14:40 of 2nd period - Patrick Sharp is hit by Michael Stone and loses puck.
14:45 of 2nd period - Shot by Patrick Sharp.
14:45 of 2nd period - Shot Misses the Net.
14:47 of 2nd period - Shot by Frans Nielsen.
14:47 of 2nd period - Stopped by Josh Harding with a rebound.
14:49 of 2nd period - Shot by Jan Hejda.
14:49 of 2nd period - Shot Misses the Net.
15:17 of 2nd period - Shot by Pavel Datsyuk.
15:17 of 2nd period - Shot Misses the Net.
15:50 of 2nd period - Shot by Mika Zibanejad.
15:50 of 2nd period - Deflect By Mason Raymond.
15:50 of 2nd period - Stopped by Josh Harding with a rebound.
15:56 of 2nd period - Shot by Mason Raymond.
15:56 of 2nd period - Deflect By Dave Bolland.
15:56 of 2nd period - Shot Blocked by Adam McQuaid.
15:58 of 2nd period - Shot by Mason Raymond.
15:58 of 2nd period - Stopped by Josh Harding with a rebound.
16:00 of 2nd period - Shot by Ron Hainsey.
16:00 of 2nd period - Stopped by Josh Harding without a rebound.
16:01 of 2nd period - Pierre-Marc Bouchard wins face-off versus Sidney Crosby in Wild zone.
16:01 of 2nd period - Pierre-Marc Bouchard is hit by Sidney Crosby.
16:11 of 2nd period - Shot by Sidney Crosby.
16:11 of 2nd period - Shot Misses the Net.
16:13 of 2nd period - Shot by Sidney Crosby.
16:13 of 2nd period - Shot Blocked by Chris Phillips.
16:15 of 2nd period - Shot by Duncan Keith.
16:15 of 2nd period - Deflect By Gustav Nyquist.
16:15 of 2nd period - Shot Misses the Net.
16:22 of 2nd period - Icing by Erik Cole.
16:23 of 2nd period - Dave Bolland wins face-off versus Pierre-Marc Bouchard in Wild zone.
16:23 of 2nd period - Dave Bolland is hit by Chris Phillips.
16:32 of 2nd period - Mason Raymond is hit by Fedor Tyutin and loses puck.
16:51 of 2nd period - Icing by Ron Hainsey.
16:52 of 2nd period - Mikko Koivu wins face-off versus Dave Bolland in Senators zone.
18:52 of 2nd period - Shot by Erik Cole.
18:52 of 2nd period - Goal by Erik Cole - Wild : 2 - Senators : 3.
18:53 of 2nd period - Mikko Koivu wins face-off versus Frans Nielsen in neutral zone.
19:24 of 2nd period - Shot by Pavel Datsyuk.
19:24 of 2nd period - Stopped by Josh Harding without a rebound.
19:25 of 2nd period - Pierre-Marc Bouchard wins face-off versus Mason Raymond in Wild zone.
19:25 of 2nd period - Pierre-Marc Bouchard is hit by Mika Zibanejad.
19:30 of 2nd period - Dennis Wideman is hit by Jared Cowen and loses puck.
19:45 of 2nd period - Adam McQuaid is hit by Mika Zibanejad.
19:46 of 2nd period - Off-side.
19:47 of 2nd period - Pavel Datsyuk wins face-off versus Mikko Koivu in neutral zone.
19:52 of 2nd period - Shot by Frans Nielsen.
19:52 of 2nd period - Shot Blocked by Michael Stone.
Goals for this period are 2 for Wild vs 0 for Senators.
Shots for this period are 5 for Wild vs 18 for Senators.

3rd period


0:01 of 3rd period - Daniel Alfredsson wins face-off versus Sidney Crosby in neutral zone.
0:32 of 3rd period - Shot by Mikko Koivu.
0:32 of 3rd period - Shot Misses the Net.
1:08 of 3rd period - Shot by Milan Michalek.
1:08 of 3rd period - Stopped by Carey Price without a rebound.
1:09 of 3rd period - Frans Nielsen wins face-off versus Pierre-Marc Bouchard in Senators zone.
3:04 of 3rd period - Shot by Mika Zibanejad.
3:04 of 3rd period - Shot Misses the Net.
3:06 of 3rd period - Shot by Ron Hainsey.
3:06 of 3rd period - Shot Misses the Net.
3:39 of 3rd period - Off-side.
3:40 of 3rd period - Sidney Crosby wins face-off versus Pierre-Marc Bouchard in neutral zone.
3:47 of 3rd period - Shot by Martin St. Louis.
3:47 of 3rd period - Shot Misses the Net.
4:20 of 3rd period - Shot by Erik Cole.
4:20 of 3rd period - Shot Blocked by Duncan Keith.
4:22 of 3rd period - Shot by Fedor Tyutin.
4:22 of 3rd period - Shot Misses the Net.
5:56 of 3rd period - Jared Cowen is hit by Mikko Koivu and loses puck.
6:43 of 3rd period - Jared Cowen is hit by Chris Conner and loses puck.
7:14 of 3rd period - Shot by Adam McQuaid.
7:14 of 3rd period - Goal by Adam McQuaid - Wild : 3 - Senators : 3.
7:15 of 3rd period - Mikko Koivu wins face-off versus Sidney Crosby in neutral zone.
7:29 of 3rd period - Icing by Duncan Keith.
7:30 of 3rd period - Adam Hall wins face-off versus Sidney Crosby in Senators zone.
7:41 of 3rd period - Shot by Duncan Keith.
7:41 of 3rd period - Shot Blocked by Dennis Wideman.
7:43 of 3rd period - Shot by Gustav Nyquist.
7:43 of 3rd period - Stopped by Josh Harding without a rebound.
7:44 of 3rd period - Frans Nielsen wins face-off versus Mikko Koivu in Wild zone.
7:47 of 3rd period - Shot by Pavel Datsyuk.
7:47 of 3rd period - Shot Blocked by Michael Stone.
7:59 of 3rd period - Shot by Frans Nielsen.
7:59 of 3rd period - Shot Misses the Net.
8:10 of 3rd period - Icing by Mark Streit.
8:11 of 3rd period - Mikko Koivu wins face-off versus Sidney Crosby in Wild zone.
8:20 of 3rd period - Shot by Gustav Nyquist.
8:20 of 3rd period - Shot Blocked by Mark Streit.
8:22 of 3rd period - Shot by Martin St. Louis.
8:22 of 3rd period - Goal by Martin St. Louis - Wild : 3 - Senators : 4.
8:23 of 3rd period - Adam Hall wins face-off versus Frans Nielsen in neutral zone.
9:23 of 3rd period - Jan Hejda is hit by Michael Ryder and loses puck.
9:42 of 3rd period - Icing by Jan Hejda.
9:43 of 3rd period - Chris Conner wins face-off versus Pavel Datsyuk in Senators zone.
9:43 of 3rd period - Chris Conner is hit by Jan Hejda.
10:16 of 3rd period - Shot by Pierre-Marc Bouchard.
10:16 of 3rd period - Stopped by Carey Price without a rebound.
10:17 of 3rd period - Mikko Koivu wins face-off versus Dave Bolland in Senators zone.
10:24 of 3rd period - Shot by Daniel Alfredsson.
10:24 of 3rd period - Shot Misses the Net.
10:32 of 3rd period - Shot by Dave Bolland.
10:32 of 3rd period - Stopped by Josh Harding without a rebound.
10:33 of 3rd period - Adam Hall wins face-off versus Sidney Crosby in Wild zone.
11:59 of 3rd period - Mark Streit is hit by Jared Cowen and loses puck.
12:14 of 3rd period - Mikko Koivu is hit by Dave Bolland and loses puck.
12:39 of 3rd period - Icing by Mark Streit.
12:40 of 3rd period - Mikko Koivu wins face-off versus Frans Nielsen in Wild zone.
13:40 of 3rd period - Icing by Chris Phillips.
13:41 of 3rd period - Dave Bolland wins face-off versus Pierre-Marc Bouchard in Wild zone.
13:42 of 3rd period - Shot by Mason Raymond.
13:42 of 3rd period - Shot Misses the Net.
13:58 of 3rd period - Icing by Fedor Tyutin.
13:59 of 3rd period - Sidney Crosby wins face-off versus Pierre-Marc Bouchard in Wild zone.
14:30 of 3rd period - Shot by Milan Michalek.
14:30 of 3rd period - Shot Hit the Post.
14:44 of 3rd period - Sidney Crosby is hit by Adam Hall and loses puck.
15:25 of 3rd period - Shot by Daniel Alfredsson.
15:25 of 3rd period - Deflect By Mikko Koivu.
15:25 of 3rd period - Stopped by Carey Price without a rebound.
15:26 of 3rd period - Frans Nielsen wins face-off versus Mikko Koivu in Senators zone.
16:29 of 3rd period - Icing by Michael Stone.
16:30 of 3rd period - Dave Bolland wins face-off versus Mikko Koivu in Wild zone.
17:19 of 3rd period - Shot by Adam Hall.
17:19 of 3rd period - Shot Misses the Net.
17:21 of 3rd period - Shot by Milan Michalek.
17:21 of 3rd period - Stopped by Carey Price without a rebound.
17:22 of 3rd period - Pierre-Marc Bouchard wins face-off versus Sidney Crosby in Senators zone.
17:25 of 3rd period - Shot by Chris Phillips.
17:25 of 3rd period - Shot Misses the Net.
17:27 of 3rd period - Shot by Fedor Tyutin.
17:27 of 3rd period - Stopped by Carey Price without a rebound.
17:28 of 3rd period - Pierre-Marc Bouchard wins face-off versus Sidney Crosby in Senators zone.
17:37 of 3rd period - Shot by Gustav Nyquist.
17:37 of 3rd period - Shot Hit the Post.
18:04 of 3rd period - Icing by Fedor Tyutin.
18:05 of 3rd period - Pierre-Marc Bouchard wins face-off versus Frans Nielsen in Wild zone.
18:18 of 3rd period - Shot by Pierre-Marc Bouchard.
18:18 of 3rd period - Shot Misses the Net.
18:29 of 3rd period - Patrick Sharp is hit by Adam McQuaid and loses puck.
18:37 of 3rd period - Icing by Milan Michalek.
18:38 of 3rd period - Sidney Crosby wins face-off versus Adam Hall in Wild zone.
18:40 of 3rd period - Minor Penalty to Sidney Crosby for Tripping.
18:41 of 3rd period - Daniel Alfredsson wins face-off versus Mika Zibanejad in Senators zone.
19:01 of 3rd period - Wild, Josh Harding is pulled from the net.
19:13 of 3rd period - Shot by Mikko Koivu.
19:13 of 3rd period - Deflect By Marian Gaborik.
19:13 of 3rd period - Shot Misses the Net.
19:15 of 3rd period - Shot by Mark Streit.
19:15 of 3rd period - Shot Misses the Net.
19:17 of 3rd period - Shot by Mark Streit.
19:17 of 3rd period - Shot Misses the Net.
19:19 of 3rd period - Shot by Daniel Alfredsson.
19:19 of 3rd period - Shot Misses the Net.
19:20 of 3rd period - Minor Penalty to Marc Staal for Roughing.
19:21 of 3rd period - Adam Hall wins face-off versus Mika Zibanejad in Senators zone.
19:22 of 3rd period - Shot by Dennis Wideman.
19:22 of 3rd period - Shot Blocked by Jan Hejda.
19:24 of 3rd period - Shot by Fedor Tyutin.
19:24 of 3rd period - Stopped by Carey Price without a rebound.
19:25 of 3rd period - Mika Zibanejad wins face-off versus Milan Michalek in Senators zone.
19:25 of 3rd period - Mika Zibanejad is hit by Milan Michalek.
19:52 of 3rd period - Shot by Fedor Tyutin.
19:52 of 3rd period - Shot Blocked by Ron Hainsey.
19:54 of 3rd period - Shot by Michael Ryder.
19:54 of 3rd period - Shot Blocked by Ron Hainsey.
19:56 of 3rd period - Shot by Michael Ryder.
19:56 of 3rd period - Shot Hit the Post.
19:58 of 3rd period - Shot by Fedor Tyutin.
19:58 of 3rd period - Goal by Fedor Tyutin - Wild : 4 - Senators : 4.
19:58 of 3rd period - Josh Harding from Wild was sent back in the game.
19:59 of 3rd period - Mika Zibanejad wins face-off versus Mikko Koivu in neutral zone.
Goals for this period are 2 for Wild vs 1 for Senators.
Shots for this period are 8 for Wild vs 3 for Senators.

Overtime #1


0:01 of 1st overtime period - Mikko Koivu wins face-off versus Mika Zibanejad in neutral zone.
0:06 of 1st overtime period - Jan Hejda is hit by Marian Gaborik and loses puck.
0:41 of 1st overtime period - Shot by Mikko Koivu.
0:41 of 1st overtime period - Shot Blocked by Ron Hainsey.
1:03 of 1st overtime period - Shot by Pierre-Marc Bouchard.
1:03 of 1st overtime period - Shot Misses the Net.
1:05 of 1st overtime period - Shot by Michael Stone.
1:05 of 1st overtime period - Shot Blocked by Jared Cowen.
1:07 of 1st overtime period - Shot by Michael Stone.
1:07 of 1st overtime period - Shot Blocked by Ron Hainsey.
4:31 of 1st overtime period - Shot by Daniel Alfredsson.
4:31 of 1st overtime period - Shot Misses the Net.
4:33 of 1st overtime period - Shot by Michael Stone.
4:33 of 1st overtime period - Shot Misses the Net.
4:35 of 1st overtime period - Shot by Michael Stone.
4:35 of 1st overtime period - Stopped by Carey Price with a rebound.
4:51 of 1st overtime period - Jared Cowen is hit by Michael Ryder and loses puck.
Goals for this period are 0 for Wild vs 0 for Senators.
Shots for this period are 1 for Wild vs 0 for Senators.

ShootOut


5:00 of 1st overtime period - Penalty Shot by Daniel Alfredsson for Wild.
5:00 of 1st overtime period - Stopped by Carey Price.
5:00 of 1st overtime period - Penalty Shot by Frans Nielsen for Senators.
5:00 of 1st overtime period - Stopped by Josh Harding.
5:00 of 1st overtime period - Penalty Shot by Marian Gaborik for Wild.
5:00 of 1st overtime period - Goal by Marian Gaborik.
5:00 of 1st overtime period - Penalty Shot by Sidney Crosby for Senators.
5:00 of 1st overtime period - Stopped by Josh Harding.
5:00 of 1st overtime period - Penalty Shot by Milan Michalek for Wild.
5:00 of 1st overtime period - Stopped by Carey Price.
5:00 of 1st overtime period - Penalty Shot by Pavel Datsyuk for Senators.
5:00 of 1st overtime period - Stopped by Josh Harding.


Output by the SimonT Hockey Simulator (STHS) for Stephane Roy -- Original Page W3C XHTML 1.0 Valid
Hockey Simulator - Hockey Simulation - Hockey Manager